 Dungeon Crawl Stone Soup version 0.22.1-1-ga44c0e56f4 (webtiles) character file.

859 PikkenKukken the Thaumaturge (level 7, -2/56 HPs)
             Began as a Demonspawn Necromancer on Oct 6, 2018.
             Was an Initiate of Kikubaaqudgha.
             Slain by a killer bee (8 damage)
             ... on level 6 of the Dungeon.
             The game lasted 00:39:50 (7870 turns).

PikkenKukken the Thaumaturge (DsNe)                 Turns: 7870, Time: 00:39:51

Health: -2/56      AC:  4    Str:  9    XL:     7   Next: 71%
Magic:  2/19       EV: 14    Int: 18    God:    Kikubaaqudgha [......]
Gold:   345        SH:  0    Dex: 13    Spells: 9/23 levels left

rFire    + + .     SeeInvis .   a - +0 whip
rCold    + . .     Gourm    .   (no shield)
rNeg     . . .     Faith    .   g - +0 robe
rPois    +         Spirit   .   (no helmet)
rElec    +         Reflect  .   u - +0 cloak
rCorr    +         Harm     .   (no gloves)
MR       .....                  e - +0 pair of boots
Stlth    ++++......             (no amulet)
HPRegen  0.18/turn              (no ring)
MPRegen  0.16/turn              (no ring)

@: lethally poisoned (-2 -> -15), resistant, very slightly contaminated,
invisible
A: claws 1, fire resistance 1, ignite blood, nightstalker 1, flame cloud
immunity
a: Renounce Religion


You were on level 6 of the Dungeon.
You worshipped Kikubaaqudgha.
Kikubaaqudgha was noncommittal.
You were very hungry.

You visited 2 branches of the dungeon, and saw 8 of its levels.

You collected 345 gold pieces.

Inventory:

Hand Weapons
 a - a +0 whip (weapon)
 b - a +1 hunting sling
Missiles
 h - 37 sling bullets
 i - 305 stones (quivered)
Armour
 e - a +0 pair of boots (worn)
 g - a +0 robe (worn)
 j - a +0 robe of magic resistance
 l - a +0 buckler
 u - a +0 cloak (worn)
 z - a +1 pair of gloves
Jewellery
 q - a cursed ring of teleportation {unknown}
 r - an uncursed amulet of rage
 v - an uncursed ring of resist corrosion {unknown}
 y - an uncursed ring of protection from magic {unknown}
Wands
 x - a wand of flame (32)
Scrolls
 d - a scroll of teleportation
 f - 3 scrolls of amnesia
Potions
 k - a potion of might
 m - a potion of curing {unknown}
 n - 3 potions of cancellation
 o - a potion of flight {unknown}
 p - a potion of agility {unknown}
 s - a potion of magic
 t - 2 potions of degeneration {unknown}
 w - 2 potions of resistance
 A - a potion of invisibility
 B - a potion of brilliance {unknown}
Comestibles
 c - 8 rations


   Skills:
 - Level 5.0 Fighting
 + Level 0.9 Armour
 - Level 4.8 Dodging
 - Level 5.0 Stealth
 + Level 1.0 Shields
 - Level 8.6 Spellcasting
 - Level 7.6 Necromancy


You had 9 spell levels left.
You knew the following spells:

 Your Spells              Type           Power        Failure   Level  Hunger
a - Pain                  Necr           ####         1%          1    None
b - Animate Skeleton      Necr           N/A          1%          1    None
c - Regeneration          Chrm/Necr      ###.......   6%          3    None
d - Animate Dead          Necr           N/A          4%          4    ###....
e - Vampiric Draining     Necr           #####.....   1%          3    None
f - Blink                 Tloc           N/A          14%         2    None

Your spell library contained the following spells:

 Spells                   Type           Power        Failure   Level  Hunger
 Magic Dart               Conj           #...         10%         1    None
 Call Imp                 Summ           #.......     14%         2    None
 Slow                     Hex            #.......     14%         2    None
 Conjure Flame            Conj/Fire      #.......     28%         3    None
 Mephitic Cloud           Conj/Pois/Air  #.......     28%         3    None


Dungeon Overview and Level Annotations

Branches:
Dungeon (7/15)             Temple (1/1) D:5

Altars:
Ashenzari
Dithmenos
Elyvilon
Fedhas
Kikubaaqudgha
Okawaru
Qazlal
The Shining One

Annotations:
D:5 Dowan, Duvessa, Prince Ribbit, Sigmund


Innate Abilities, Weirdness & Mutations

You have sharp fingernails.
Your flesh is heat resistant. (rF+)
Your demonic aura causes spilled blood to erupt in flames.
You are slightly more attuned to the shadows.
You are immune to clouds of flame.


Message History

You feel life coursing into your body.
You feel sick. The killer bee stings you.
* * * LOW HITPOINT WARNING * * *
The killer bee barely misses you.
The killer bee stings you but does no damage.
The killer bee stings you.
* * * LOW HITPOINT WARNING * * *
You are more poisoned.
The killer bee poisons you!
It was a potion of invisibility.
You fade into invisibility!
* * * LOW HITPOINT WARNING * * *
You feel sick. The killer bee barely misses you. x2
The killer bee misses you. The killer bee closely misses you.
It was a potion of resistance.
You feel protected.
* * * LOW HITPOINT WARNING * * *
You feel sick. The killer bee stings you!
You die...
Kikubaaqudgha rasps: "You have failed me!
Welcome... death!"

......#...)...# ######...
........##.##############........
...........# #.).[..........##...
........#### #.#####..###.#.####.
...>..#.## #.###....###.#.####.
.....#...# #.##.>.......#.##...
#...##...# #.##.....#####.##.##
######...# #.##y..........##.##
.# #...#####..@y...#########.##
.#####........#.........#......##
..............#.......#.#......##
.................................
..............#.......#.#.....###
.#####........#....#..#.#.....#
.# #...######.........#######
######...# ####.##########
.........# ##.##.......#


You could see 2 killer bees.

Vanquished Creatures
  An orc warrior (D:5)
  A centaur (D:5)
  A killer bee (D:6)
  A howler monkey (D:5)
  A hound (D:6)
  A bullfrog skeleton (D:4)
  A jelly (D:6)
  An iguana (D:6)
  4 worker ants
  2 orc wizards
  A worker ant zombie (D:5)
  7 gnolls
  6 adders
  3 worms
  A dart slug (D:2)
  4 leopard geckos
  5 orcs
  2 giant cockroaches (D:2)
  6 goblins
  A hobgoblin (D:2)
  6 jackals
  4 quokkas
  4 ball pythons
  5 bats
  3 frilled lizards
  A jackal zombie (D:6)
  10 kobolds
  5 rats
  A butterfly (D:5)
89 creatures vanquished.

Vanquished Creatures (collateral kills)
  A hound skeleton (D:4)
  3 gnolls (D:4)
  An adder skeleton (D:4)
  2 orcs (D:4)
  A ball python (D:3)
  A jackal (D:3)
  2 bats
  A frilled lizard (D:2)
  3 rats
15 creatures vanquished.

Grand Total: 104 creatures vanquished

Notes
Turn   | Place    | Note
-------+----------+-------------------------------------------
     0 | D:1      | PikkenKukken the Demonspawn Necromancer began the quest for
                  | the Orb.
     0 | D:1      | Reached XP level 1. HP: 13/13 MP: 3/3
     2 | D:1      | Learned a level 1 spell: Animate Skeleton
   663 | D:1      | Gained mutation: Your flesh is heat resistant. (rF+)
                  | [demonic ancestry]
   663 | D:1      | Reached XP level 2. HP: 19/19 MP: 3/5
   838 | D:1      | Reached skill level 5 in Necromancy
  1451 | D:1      | Reached skill level 8 in Spellcasting
  1451 | D:1      | Gained mutation: You are immune to clouds of flame.
                  | [demonic ancestry]
  1451 | D:1      | Reached XP level 3. HP: 2/24 MP: 1/13
  1554 | D:1      | Learned a level 3 spell: Regeneration
  1554 | D:1      | Reached XP level 4. HP: 38/38 MP: 14/14
  1560 | D:1      | Learned a level 4 spell: Animate Dead
  1564 | D:1      | Learned a level 3 spell: Vampiric Draining
  1774 | D:2      | Found a shattered altar of Ashenzari.
  2033 | D:2      | Found a stormy altar of Qazlal.
  2681 | D:2      | Found a white marble altar of Elyvilon.
  2840 | D:2      | Gained mutation: You have sharp fingernails. [demonic
                  | ancestry]
  2840 | D:2      | Reached XP level 5. HP: 41/43 MP: 9/16
  3579 | D:3      | Learned a level 2 spell: Blink
  4203 | D:4      | Found a glowing golden altar of the Shining One.
  4738 | D:5      | Entered Level 5 of the Dungeon
  4791 | D:5      | Found an iron altar of Okawaru.
  4810 | D:5      | Gained mutation: You are slightly more attuned to the
                  | shadows. [demonic ancestry]
  4810 | D:5      | Reached XP level 6. HP: 36/49 MP: 10/17
  5006 | D:5      | Noticed Sigmund
  5082 | D:5      | Noticed Prince Ribbit
  5083 | D:5      | Found a shadowy altar of Dithmenos.
  6260 | D:5      | Found a staircase to the Ecumenical Temple.
  6295 | Temple   | Entered the Ecumenical Temple
  6317 | Temple   | Became a worshipper of Kikubaaqudgha
  6406 | D:4      | Gained mutation: Your demonic aura causes spilled blood to
                  | erupt in flames. [demonic ancestry]
  6406 | D:4      | Reached XP level 7. HP: 41/55 MP: 8/19
  6495 | D:5      | Noticed Duvessa
  6495 | D:5      | Noticed Dowan
  6689 | D:5      | Found a shattered altar of Ashenzari.
  7096 | D:5      | Reached skill level 5 in Stealth
  7302 | D:6      | Found a blossoming altar of Fedhas.
  7867 | D:6      | Reached skill level 5 in Fighting
  7867 | D:6      | Reached skill level 1 in Shields
  7870 | D:6      | Slain by a killer bee

Skill      XL: |  1  2  3  4  5  6  7 |
---------------+----------------------+-----
Necromancy     | 5 7 |  7.6
Spellcasting   | 8 |  8.6
Fighting       | 4 5 |  5.0
Dodging        | 4 |  4.8
Stealth        | 2 3 4 5 |  5.0
Shields        | 1 |  1.0
Armour         | |  0.9

Action                   |  1- 3 |  4- 6 |  7- 9 || total
-------------------------+-------+-------+-------++-------
Melee: Whip              |    35 |   316 |   101 ||   452
       Unarmed           |     2 |       |       ||     2
 Fire: Hunting sling     |       |    17 |     1 ||    18
 Cast: Pain              |    28 |     3 |     2 ||    33
       Animate Skeleton  |    10 |     1 |       ||    11
       Animate Dead      |       |    16 |     6 ||    22
       Vampiric Draining |       |    26 |    18 ||    44
       Regeneration      |       |    11 |     4 ||    15
       Blink             |       |       |     4 ||     4
  Use: Scroll            |     4 |     7 |     1 ||    12
       Potion            |     3 |       |     3 ||     6
 Stab: Sleeping          |       |    10 |     3 ||    13
  Eat: Chunk             |     3 |     7 |     1 ||    11
       Ration            |       |     3 |     1 ||     4
Armor: Robe              |    14 |    63 |    17 ||    94
Dodge: Dodged            |    45 |   237 |   108 ||   390
